 Dungeon Crawl Stone Soup version 0.28.0-53-g5a82cb258f (webtiles) character file.

Game seed: 9528317032503401193

12139 Dillybarz the Cleaver (level 11, -1/107 HPs)
             Began as a Minotaur Berserker on Aug 17, 2022.
             Was a High Priest of Trog.
             Slain by a gnoll sergeant
             ... wielding a +4 spear of freezing
              (5 damage)
             ... on level 11 of the Dungeon on Aug 24, 2022.
             The game lasted 00:39:31 (10245 turns).

Dillybarz the Cleaver (Minotaur Berserker)         Turns: 10245, Time: 00:39:32

Health: -1/107     AC: 23    Str: 31    XL:     11   Next: 58%
Magic:  10/10      EV:  9    Int:  4    God:    Trog [*****.]
Gold:   280        SH:  0    Dex: 17    Spells: 10/10 levels left

rFire   . . .      SeeInvis .   w - +2 battleaxe (chaos)
rCold   . . .      Faith    .   (shield currently unavailable)
rNeg    . . .      Spirit   .   g - +0 plate armour
rPois   .          Reflect  .   (helmet restricted)
rElec   .          Harm     .   m - +2 cloak
rCorr   .          Rampage  .   e - +0 pair of gloves
Will    .....                   z - +1 pair of boots
Stlth   ..........              A - amulet of regeneration
HPRegen 1.07/turn               j - +6 ring of strength
MPRegen 0.12/turn               r - +6 ring of dexterity

@: lethally poisoned (-1 -> -2), on berserk cooldown, slowed, very slow
A: horns 2, retaliatory headbutt
a: Renounce Religion, Berserk, Trog's Hand, Brothers in Arms


You were on level 11 of the Dungeon.
You worshipped Trog.
Trog was extremely pleased with you.
You visited 1 branch of the dungeon, and saw 11 of its levels.

You collected 730 gold pieces.
You spent 450 gold pieces at shops.

Inventory:

Hand Weapons
 a - a +1 hand axe of freezing
 w - a +2 battleaxe of chaos (weapon)
Missiles
 n - 11 curare-tipped darts (quivered)
 D - 3 datura-tipped darts
 H - 5 poisoned darts
Armour
 e - a +0 pair of gloves (worn)
 f - a +0 cloak of willpower
 g - a +0 plate armour (worn)
 m - a +2 cloak (worn)
 z - a +1 pair of boots (worn)
Jewellery
 j - a +6 ring of strength (left hand)
 r - a +6 ring of dexterity (right hand)
 A - an amulet of regeneration (around neck)
 C - a ring of poison resistance
 E - a ring of see invisible
 F - an amulet of the acrobat
 J - a ring of protection from fire
Wands
 o - a wand of digging (13)
 s - a wand of charming (8)
 v - a wand of mindburst (15)
 x - a wand of flame (13)
 I - a wand of polymorph (9)
 K - a wand of iceblast (4)
Scrolls
 h - 2 scrolls of fear
 t - 4 scrolls of teleportation
 y - 2 scrolls of holy word
Potions
 b - 2 potions of haste
 c - 2 potions of flight
 d - a potion of ambrosia
 i - a potion of heal wounds {unknown}
 k - 6 potions of mutation {unknown}
 l - 4 potions of attraction {unknown}
 p - 2 potions of might {unknown}
 q - 3 potions of degeneration {unknown}
 u - 2 potions of lignification {unknown}


   Skills:
 + Level 13.2 Fighting
 + Level 13.2 Axes
 + Level 13.0 Armour
 - Level 2.5 Dodging


You had 10 spell levels left.
You didn't know any spells.
Your spell library was empty.

Dungeon Overview and Level Annotations

Branches:
Dungeon (11/15)            Temple (0/1) D:6            Lair (0/6) D:10
    Orc (0/2) D:11

Altars:
Dithmenos
Elyvilon
Gozag
Hepliaklqana
Ru
Sif Muna
Xom

Shops:
D:5 =   D:9 (   D:10 *


Innate Abilities, Weirdness & Mutations

You have a pair of horns on your head.
You reflexively headbutt those who attack you in melee.


Message History

You are exhausted.
You feel yourself slow down.
You feel sick.
The kobold brigand hits you with a +0 club.
* * * LOW HITPOINT WARNING * * *
Items here: )) [ †.
You closely miss the kobold brigand. You headbutt the kobold brigand.
The kobold brigand is lightly wounded.
You feel very sick.
The kobold brigand hits you but does no damage.
The gnoll sergeant hits you but does no damage.
You closely miss the kobold brigand.
The kobold brigand is lightly wounded.
You feel sick.
The kobold brigand hits you with a +0 club.
* * * LOW HITPOINT WARNING * * *
The gnoll sergeant misses you.
The kobold brigand hits you but does no damage.
You slice the kobold brigand!!
The kobold brigand looks as sick as possible!
The kobold brigand is almost dead.
You feel sick.
You kill the kobold brigand!
Trog accepts your kill.
The gnoll sergeant hits you from afar with a +4 spear of freezing.
* * * LOW HITPOINT WARNING * * *
The gnoll sergeant freezes you.
* * * LOW HITPOINT WARNING * * *
The gnoll sergeant hits you but does no damage.
You slice the two-headed ogre!! You drain the two-headed ogre.
Your headbutt misses the two-headed ogre.
The two-headed ogre is severely wounded.
You feel sick.
The two-headed ogre hits you but does no damage.
The two-headed ogre hits you with a +0 giant spiked club.
* * * LOW HITPOINT WARNING * * *
The gnoll sergeant hits you but does no damage.
The gnoll sergeant hits you from afar with a +4 spear of freezing!
* * * LOW HITPOINT WARNING * * *
The gnoll sergeant freezes you.
You die...

... #.......... ...
#......... ...
##........ ##### #.#
#......... #8...8#.#
............ #..oOg#.#
#........... #..>TKgg#
#........... #O#
##........... #@#
##............
#.###.............
#.................
#.................
#...).)...........
#..#................
......................
..................##..
.#...............##...


You could see a two-headed ogre (drained), a gnoll sergeant and 2 gnolls.

Vanquished Creatures
  A boulder beetle (D:9)
  A two-headed ogre (D:9)
  Sonja (D:10)
  Pikel (D:9)
  A centaur zombie (D:9)
  Joseph (D:10)
  2 gargoyles
  2 komodo dragons (D:10)
  4 trolls
  Grinder (D:6)
  Prince Ribbit (D:6)
  3 slime creatures
  2 hornets
  Sigmund (D:2)
  A wraith (D:11)
  A basilisk (D:10)
  A wyvern (D:10)
  4 steam dragons
  An acid dragon (D:9)
  2 orc warriors
  2 black bears
  A necrophage (D:6)
  5 boggarts (D:10)
  5 ogres
  5 centaurs
  A lemure (D:9)
  Blork the orc (D:5)
  3 gnoll sergeants
  2 bullfrogs
  3 kobold brigands
  A wyvern zombie (D:6)
  3 scorpions
  A wyvern skeleton (D:7)
  6 killer bees (D:10)
  A howler monkey (D:9)
  A troll skeleton (D:9)
  9 wights
  6 spriggan skeletons (D:9)
  A bullfrog zombie (D:5)
  3 hounds
  5 jellies
  A bullfrog skeleton (D:5)
  2 orc priests
  Crazy Yiuf (D:2)
  Ijyb (D:5)
  Jessica (D:2)
  4 iguanas
  5 orc wizards
  A killer bee zombie (D:6)
  A hound skeleton (D:5)
  2 howler monkey zombies
  16 gnolls
  6 adders
  2 shadow imps
  An ufetubus (D:6)
  An adder skeleton (D:4)
  3 worms
  33 orcs
  9 endoplasms
  2 giant cockroaches (D:1)
  9 goblins
  4 hobgoblins
  6 jackals
  4 quokkas
  7 ball pythons
  5 bats
  4 frilled lizards
  14 kobolds
  7 rats
249 creatures vanquished.

Vanquished Creatures (others)
  3 plants (D:5)
  5 toadstools (D:10)
8 creatures vanquished.

Grand Total: 257 creatures vanquished

Notes
Turn   | Place    | Note
-------+----------+-------------------------------------------
     0 | D:1      | Dillybarz the Minotaur Berserker began the quest for the
                  | Orb.
     0 | D:1      | Reached XP level 1. HP: 19/19 MP: 0/0
   340 | D:1      | Found a faded altar of an unknown god.
   358 | D:1      | Reached XP level 2. HP: 24/27 MP: 1/1
   648 | D:1      | Reached ** piety under Trog
   693 | D:1      | Reached XP level 3. HP: 28/33 MP: 2/2
   917 | D:2      | Noticed Sigmund
   924 | D:2      | Killed Sigmund
   925 | D:2      | Reached skill level 5 in Fighting
   925 | D:2      | Reached skill level 5 in Axes
   925 | D:2      | Reached XP level 4. HP: 38/42 MP: 3/3
   925 | D:2      | Reached XP level 5. HP: 44/48 MP: 4/4
  1227 | D:2      | Noticed Jessica
  1241 | D:2      | Killed Jessica
  1581 | D:2      | Found a runed translucent door.
  1582 | D:2      | Noticed Crazy Yiuf
  1590 | D:2      | Killed Crazy Yiuf
  1591 | D:2      | Reached XP level 6. HP: 43/56 MP: 5/5
  2310 | D:3      | Found a shadowy altar of Dithmenos.
  2317 | D:3      | Found a shimmering blue altar of Sif Muna.
  2455 | D:4      | Reached skill level 5 in Armour
  2844 | D:4      | Reached *** piety under Trog
  2845 | D:4      | Reached XP level 7. HP: 63/63 MP: 6/6
  3254 | D:5      | Entered Level 5 of the Dungeon
  3256 | D:5      | Found Nugrom's Jewellery Boutique.
  3839 | D:5      | Noticed Blork the orc
  3840 | D:5      | Found a hazy altar of Hepliaklqana.
  3841 | D:5      | Found a faded altar of an unknown god.
  3847 | D:5      | Killed Blork the orc
  4169 | D:5      | Reached XP level 8. HP: 66/73 MP: 7/7
  4299 | D:5      | Noticed Ijyb
  4307 | D:5      | Killed Ijyb
  4307 | D:5      | Reached **** piety under Trog
  4857 | D:6      | Noticed Prince Ribbit
  4866 | D:6      | Killed Prince Ribbit
  4897 | D:6      | Noticed Grinder
  4918 | D:6      | Killed Grinder
  5178 | D:6      | Identified the +1 robe of the Dwarven Hall {Stlth+
                  | Archmagi}
  5228 | D:6      | Reached XP level 9. HP: 82/82 MP: 8/8
  5328 | D:6      | Found a staircase to the Ecumenical Temple.
  5821 | D:7      | Noticed a gargoyle
  5843 | D:6      | Killed a large slime creature
  6269 | D:7      | Killed a gargoyle
  6270 | D:7      | Reached skill level 10 in Fighting
  6270 | D:7      | Reached skill level 10 in Axes
  6615 | D:7      | Reached skill level 10 in Armour
  6752 | D:7      | Paralysed by a hornet for 2 turns
  6952 | D:7      | Noticed a troll
  6960 | D:7      | Killed a troll
  6961 | D:7      | Reached XP level 10. HP: 87/94 MP: 9/9
  8051 | D:5      | Bought an amulet of regeneration for 450 gold pieces
  8130 | D:9      | Found Vuhias's Antique Weapon Shoppe.
  8157 | D:9      | Found a sacrificial altar of Ru.
  8341 | D:9      | Found an opulent altar of Gozag.
  8446 | D:9      | Noticed Pikel
  8451 | D:9      | Killed Pikel
  8479 | D:9      | Reached ***** piety under Trog
  8647 | D:9      | Paralysed by a hornet for 3 turns
  8652 | D:9      | Paralysed by a hornet for 3 turns
  8767 | D:9      | Noticed a boulder beetle
  8782 | D:9      | Killed a boulder beetle
  8827 | D:10     | Entered Level 10 of the Dungeon
  8839 | D:10     | Found a shimmering altar of Xom.
  8886 | D:10     | Noticed Joseph
  8903 | D:10     | Killed Joseph
  8904 | D:10     | Reached XP level 11. HP: 58/104 MP: 10/10
  8960 | D:10     | Found a white marble altar of Elyvilon.
  9259 | D:10     | Paralysed by a hornet for 1 turns
  9306 | D:10     | Noticed a two-headed ogre
  9316 | D:9      | Killed a two-headed ogre
  9374 | D:10     | Noticed a two-headed ogre
  9417 | D:10     | Found Bihou's Gadget Gallery.
  9521 | D:10     | Noticed Sonja
  9528 | D:10     | Killed Sonja
  9940 | D:10     | Found a staircase to the Lair.
 10224 | D:11     | Found a staircase to the Orcish Mines.
 10239 | D:11     | Noticed a two-headed ogre
 10245 | D:11     | HP: 4/107 [gnoll sergeant/+4 spear of freezing (9)]
 10245 | D:11     | Slain by a gnoll sergeant

Illustrated notes

Levels and vault maps discovered:
D:1:      psy_arrival_dodecagon, layout_basic,
          shapermc_ecumenical_altar_rom_forum
D:2:      layout_rooms, uniq_jessica, uniq_sigmund, uniq_crazy_yiuf_cottage
D:3:      layout_basic, mainiacjoe_overflow_big_doors
D:4:      layout_gridville
D:5:      layout_loops_ring, beargit_hepliaklqana_dungeon_heroes, serial_shops,
          nicolae_shop_stone, serial_bayou, serial_bayou_ford_a,
          serial_bayou_crossing, serial_bayou_pond_e, serial_bayou_pond_b,
          amethyst_killhole, glass_columns_b, chequers_jeans,
          hangedman_decor_push, grunt_decor_mini_mirrors, uniq_ijyb
D:6:      layout_loops_ring, minmay_temple_entry_arrows, uniq_grinder,
          uniq_prince_ribbit1
D:7:      layout_rooms, hex_intersection
D:8:      layout_rooms
D:9:      layout_long_grid, mainiacjoe_overflow_alcove_2,
          mainiacjoe_overflow_catwalk, serial_shops,
          nicolae_shop_advertising_works [nicolae_subvault_shop_adworks],
          hangedman_tell_no_tales, uniq_pikel
D:10:     layout_irregular_city, overflow_temple_1_default,
          overflow_temple_1_default, erik_lair_dragon, minmay_gold_behind_fungi,
          nicolae_shop_gadgets, uniq_joseph, uniq_sonja
D:11:     layout_layer_cave, kennysheep_orc_monster_closet_entryway

Skill      XL: |  1  2  3  4  5  6  7  8  9 10 11 |
---------------+----------------------------------+-----
Fighting       | 4 5 6 7 8 10 12 13 | 13.2
Axes           | 4 5 6 7 8 10 12 13 | 13.2
Armour         | 3 4 5 6 8 10 12 13 | 13.0
Dodging        | |  2.5

Action                   |  1- 3 |  4- 6 |  7- 9 | 10-12 || total
-------------------------+-------+-------+-------+-------++-------
Melee: Hand axe          |    57 |    94 |   253 |     2 ||   406
       Headbutt          |     5 |    18 |    52 |    59 ||   134
       Punch             |       |     3 |     6 |       ||     9
       Battleaxe         |       |       |       |   258 ||   258
Invok: Berserk           |     1 |     1 |     3 |     4 ||     9
  Use: Scroll            |     1 |     7 |     3 |     7 ||    18
 Stab: Sleeping          |     1 |       |       |       ||     1
Armor: Animal skin       |     4 |       |       |       ||     4
       Leather armour    |     6 |    16 |       |       ||    22
       Ring mail         |       |    17 |    22 |       ||    39
       Scale mail        |       |       |    32 |       ||    32
       Chain mail        |       |       |    36 |       ||    36
       Plate armour      |       |       |    34 |   290 ||   324
Dodge: Dodged            |    32 |    55 |   114 |   153 ||   354
